 Dungeon Crawl Stone Soup version 0.30-a0-614-ge5ea1257c2 (webtiles) character file.

Game seed: 12358376780495114396

1317 Gargoyl the Chopper (level 8, -10/51 HPs)
             Began as a Gargoyle Berserker on Jan 9, 2023.
             Was a Believer of Trog.
             Mangled by a wight
             ... wielding a +3 great sword
              (14 damage)
             ... on level 6 of the Dungeon.
             The game lasted 00:05:25 (4206 turns).

Gargoyl the Chopper (Gargoyle Berserker)            Turns: 4206, Time: 00:05:25

Health: -10/51     AC: 18    Str: 22    XL:     8   Next: 59%
Magic:  8/8        EV:  8    Int:  7    God:    Trog [**....]
Gold:   262        SH:  0    Dex: 11    Spells: 7/7 levels left

rFire   . . .      SeeInvis .    a - +4 hand axe (freeze)
rCold   . . .      Faith    .    (no shield)
rNeg    + . .      Spirit   .    d - +0 chain mail
rPois   ∞          Reflect  .    h - +0 helmet
rElec   +          Harm     .    p - +0 cloak
rCorr   .          Rampage  .    (no gloves)
Will    .....                    (no boots) Stlth
                                 (no amulet)
HPRegen 0.28/turn                (no ring)
MPRegen 0.11/turn                (no ring)

@: on berserk cooldown, slowed, very slow
A: sickness immunity, AC +5, negative energy resistance 1, electricity
resistance, torment resistance 1, petrification resistance
a: Renounce Religion, Berserk, Trog's Hand


You were on level 6 of the Dungeon.
You worshipped Trog.
Trog was pleased with you.
You visited 1 branch of the dungeon, and saw 6 of its levels.

You collected 262 gold pieces.

Inventory:

Hand Weapons
 a - a +4 hand axe of freezing (weapon)
 g - a +0 spear
Missiles
 m - 5 poisoned darts (quivered)
Armour
 d - a +0 chain mail (worn)
 h - a +0 helmet (worn)
 p - a +0 cloak (worn)
Jewellery
 t - an amulet of regeneration
Wands
 q - a wand of paralysis (6)
 r - a wand of flame (20)
Scrolls
 f - 2 scrolls of poison
 o - a scroll of fog
 u - a scroll of enchant armour {unknown}
Potions
 b - 2 potions of haste
 c - a potion of might
 e - a potion of lignification
 i - 4 potions of mutation {unknown}
 j - a potion of flight
 k - 4 potions of curing
 l - a potion of magic {unknown}
 n - a potion of attraction {unknown}
 s - 3 potions of heal wounds {unknown}


   Skills:
 + Level 5.9 Fighting
 + Level 6.8 Axes
 + Level 5.8 Armour
 + Level 2.6 Dodging
 + Level 2.1 Stealth


You had 7 spell levels left.
You didn't know any spells.
Your spell library was empty.

Dungeon Overview and Level Annotations

Branches:
Dungeon (6/15)             Temple (0/1) D:4

Altars:
Ashenzari
Cheibriados
The Shining One


Innate Abilities, Weirdness & Mutations

You are immune to sickness and miasma.
Your stone body is resilient. (AC +5)
You are immune to poison.
You resist negative energy. (rN+)
You are resistant to electric shocks. (rElec)
You are resistant to unholy torment.
You are immune to petrification.


Message History

The wight hits you but does no damage.
You hit the wight but do no damage.
The wight is severely damaged.
The wight hits you but does no damage. The wight closely misses you.
You hit the wight.
The wight is almost destroyed.
The wight hits you but does no damage.
You hit the wight.
You destroy the wight!
Trog accepts your kill.
Things that are here:
a +0 trident; a +0 robe A wight comes into view.
It is wielding a +3 great sword.
You see here a scroll labelled WUG NIDIXA.
u - a scroll labelled WUG NIDIXA The wight hits you but does no damage.
You hit the wight but do no damage.
The wight hits you with a +3 great sword!
You hit the wight.
The wight is moderately damaged.
The wight completely misses you.
The wight hits you with a +3 great sword!
* * * LOW HITPOINT WARNING * * *
You hit the wight but do no damage.
The wight is moderately damaged.
The wight closely misses you.
You hit the wight.
The wight is moderately damaged.
The wight hits you with a +3 great sword.
* * * LOW HITPOINT WARNING * * *
The wight hits you but does no damage.
You hit the wight but do no damage.
The wight is moderately damaged.
The wight hits you with a +3 great sword!
* * * LOW HITPOINT WARNING * * *
You slash the wight!
The wight is almost destroyed.
The wight hits you but does no damage.
The wight hits you with a +3 great sword!
You die...

#<#....#
#.#.##.# #
#.#.##.#
#.#...##.#
#.######)#
####......).#
#...........#
#...........###.
+.....z@........
#...........####
#...........#
#..^..........#
###########...#
#...# ####


You could see a wight.

Vanquished Creatures
  3 yaks (D:5)
  Sigmund (D:2)
  A black bear (D:4)
  A phantom (D:5)
  A necrophage (D:5)
  4 wights (D:6)
  A howler monkey (D:3)
  2 hounds
  A jelly (D:5)
  Ijyb (D:3)
  3 gnolls (D:4)
  2 adders
  A shadow imp (D:5)
  3 worms
  A dart slug (D:2)
  2 orcs (D:5)
  13 ball pythons
  6 bats
  8 endoplasms
  5 giant cockroaches
  6 goblins
  4 hobgoblins
  4 quokkas
  2 frilled lizards
  12 kobolds
  7 rats
95 creatures vanquished.

Vanquished Creatures (others)
  23 plants (D:2)
23 creatures vanquished.

Grand Total: 118 creatures vanquished

Notes
Turn   | Place    | Note
-------+----------+-------------------------------------------
     0 | D:1      | Gargoyl the Gargoyle Berserker began the quest for the Orb.
     0 | D:1      | Reached XP level 1. HP: 14/14 MP: 1/1
    99 | D:1      | Reached skill level 1 in Stealth
   106 | D:1      | Reached XP level 2. HP: 19/19 MP: 2/2
   522 | D:1      | Reached skill level 3 in Axes
   554 | D:1      | Reached XP level 3. HP: 22/24 MP: 3/3
   867 | D:2      | Noticed Sigmund
   875 | D:2      | Killed Sigmund
   876 | D:2      | Reached skill level 4 in Axes
   876 | D:2      | Reached XP level 4. HP: 30/30 MP: 4/4
   876 | D:2      | Reached XP level 5. HP: 34/34 MP: 5/5
  1265 | D:2      | Reached ** piety under Trog
  1476 | D:3      | Noticed Ijyb
  1509 | D:3      | Killed Ijyb
  1510 | D:3      | Reached XP level 6. HP: 39/39 MP: 6/6
  1734 | D:3      | Found a faded altar of an unknown god.
  2102 | D:4      | Found a staircase to the Ecumenical Temple.
  2158 | D:4      | Noticed a black bear
  2167 | D:4      | Killed a black bear
  2270 | D:4      | Reached XP level 7. HP: 44/44 MP: 7/7
  2276 | D:4      | Found a broken altar of Ashenzari.
  2648 | D:4      | Reached skill level 5 in Axes
  2850 | D:5      | Entered Level 5 of the Dungeon
  2864 | D:5      | Noticed a yak
  2864 | D:5      | Noticed a yak
  2898 | D:5      | Noticed a yak
  2902 | D:5      | Killed a yak
  2903 | D:5      | Reached skill level 5 in Fighting
  2907 | D:5      | Killed a yak
  2912 | D:5      | Killed a yak
  2913 | D:5      | Reached skill level 6 in Axes
  2913 | D:5      | Reached skill level 5 in Armour
  2913 | D:5      | Reached XP level 8. HP: 50/50 MP: 8/8
  3481 | D:5      | Found a glowing golden altar of the Shining One.
  3578 | D:5      | Found a snail-covered altar of Cheibriados.
  4206 | D:6      | Mangled by a wight

Illustrated notes

Levels and vault maps discovered:
D:1:      wander_arrival_desolate, layout_loops_ring, minmay_nonomino_d4
D:2:      layout_basic, corexii_shack, minmay_liquid_box, serial_bayou_lagoon_a,
          uniq_sigmund
D:3:      layout_loops_ring, ebering_ecumenical_altar_box, uniq_ijyb
D:4:      layout_loops_ring, nicolae_ashenzari_skybound,
          minmay_temple_entry_stoned_glass
D:5:      layout_layer_cave, lemuel_doored_altar,
          mainiacjoe_overflow_surrounded_room
D:6:      cheibrodos_helix_gallery, layout_basic, mainiacjoe_overflow_catwalk

Skill      XL: |  1  2  3  4  5  6  7 |
---------------+----------------------+-----
Stealth        | 1 2 |  2.1
Axes           | 3 4 6 |  6.8
Fighting       | 4 5 |  5.9
Armour         | 3 4 5 |  5.8
Dodging        | 2 |  2.6

Action                   |  1- 3 |  4- 6 |  7- 9 || total
-------------------------+-------+-------+-------++-------
Melee: Hand axe          |    86 |   120 |   119 ||   325
       Punch             |       |     2 |     3 ||     5
Invok: Berserk           |     1 |     2 |     2 ||     5
       Trog's Hand       |       |     1 |     1 ||     2
  Use: Scroll            |     5 |     6 |     7 ||    18
 Stab: Sleeping          |     1 |       |       ||     1
Armor: Animal skin       |    20 |       |       ||    20
       Chain mail        |    32 |   103 |    70 ||   205
Dodge: Dodged            |    52 |    58 |    45 ||   155

Table legend: (Time is in decaauts)
 A = Elapsed time spent in this place.
 B = Non-inter-level travel time spent in this place.
 C = Inter-level travel time spent in this place.
 D = Time resting spent in this place.
 E = Time spent auto-exploring this place.
 F = Levels seen in this place.
 G = Mean time per level.
                   A        B        C        D        E       F      G
               +--------+--------+--------+--------+--------+-----+--------+
         Total |   4281 |   4170 |    111 |     32 |   3169 |   6 |  713.5 |
       Dungeon |   4281 |   4170 |    111 |     32 |   3169 |   6 |  713.5 |
               +--------+--------+--------+--------+--------+-----+--------+

Top non-repeatable levels by time:
     D:5: 1277 daAuts
     D:4: 783 daAuts
     D:1: 771 daAuts
     D:2: 755 daAuts
     D:3: 617 daAuts
     D:6: 76 daAuts
